 Dungeon Crawl Stone Soup version 0.19.1 (webtiles) character file.

3411 HessuHobo the Grappler (level 10, 0/77 HPs)
             Began as a Ghoul Monk on Dec 27, 2016.
             Was a Priest of Ashenzari.
             Slain by a killer bee (6 damage)
             ... on level 7 of the Dungeon.
             The game lasted 00:19:16 (6546 turns).

HessuHobo the Grappler (Ghoul Monk)                 Turns: 6546, Time: 00:19:17

Health: 0/77       AC:  6    Str: 17    XL:     10   Next: 4%
Magic:  9/9        EV: 14    Int:  5    God:    Ashenzari [***...]
Gold:   186        SH:  0    Dex: 13    Spells: 0 memorised, 9 levels left

rFire  + . .     SeeInvis +       - Unarmed
rCold  . . .     Gourm    .     a - +0 robe (curse)
rNeg   + + +     Faith    .     (no shield)
rPois  ∞         Spirit   .     (no helmet)
rElec  .         Reflect  .     c - +2 cloak {+Inv} (curse)
rCorr  .         Harm     .     h - +0 pair of gloves (curse)
MR     +....                    (no boots)
Stlth  ++........               (no amulet)
                                y - ring of protection from magic (curse)
                                p - ring of fire (curse)

@: rotting
A: rotting body, claws 1, carnivore 3, cold resistance 1, negative energy
resistance 3, slow regeneration 1, torment resistance, unbreathing
a: Curse Item, Scrying, Renounce Religion, Evoke Invisibility


You were on level 7 of the Dungeon.
You worshipped Ashenzari.
Ashenzari was most pleased with you.
You were not hungry.

You visited 1 branch of the dungeon, and saw 7 of its levels.
You also visited: Sewer.

You collected 328 gold pieces.
You spent 142 gold pieces at shops.

Inventory:

Hand Weapons
 m - a +0 club
 v - a +1 dagger
Missiles
 r - 119 stones (quivered)
Armour
 a - a cursed +0 robe (worn)
 c - a cursed +2 cloak of invisibility (worn)
 d - a +2 robe of cold resistance
 h - a cursed +0 pair of gloves (worn)
 j - a +0 plate armour
Jewellery
 p - a cursed ring of fire (left hand)
 w - a +3 ring of evasion
 y - a cursed ring of protection from magic (right hand)
Wands
 e - a wand of lightning (3/15)
 o - a wand of flame (19/48)
Scrolls
 f - a scroll of blinking
 g - 13 scrolls of identify
 k - a scroll of immolation
 t - a scroll of magic mapping
 u - 3 scrolls of teleportation
Potions
 i - a potion of haste
 l - a potion of invisibility
 n - 2 potions of heal wounds
 q - 3 potions of curing
 s - 3 potions of flight
 x - a potion of brilliance
Comestibles
 b - 5 meat rations


   Skills:
 - Level 3.2 Fighting
 - Level 2.6(4.2) Dodging
 - Level 2.1(3.6) Stealth
 + Level 14.7 Unarmed Combat


You had 9 spell levels left.
You didn't know any spells.

Dungeon Overview and Level Annotations

Branches:
Dungeon (7/15)
 Temple: D:4-7

Altars:
Ashenzari

Shops:
D:5 [   D:7 ?


Innate Abilities, Weirdness & Mutations

Your body is rotting away.
You thrive on raw meat.
You are immune to poison.
You have sharp fingernails.
You are carnivorous and can eat meat at any time.
Your flesh is cold resistant. (rC+)
You are immune to negative energy. (rN+++)
You regenerate slowly when monsters are visible.
You are immune to unholy pain and torment.
You can survive without breathing.


Message History

The killer bee closely misses you.
You barely miss the killer bee. The killer bee completely misses you.
You miss the killer bee. The killer bee closely misses you.
The killer bee stings you.
* * * LOW HITPOINT WARNING * * *
You barely miss the killer bee.
The killer bee stings you but does no damage.
You closely miss the killer bee. The killer bee misses you.
The killer bee closely misses you.
You miss the killer bee. The killer bee stings you.
* * * LOW HITPOINT WARNING * * *
The killer bee stings you.
* * * LOW HITPOINT WARNING * * *
The killer bee stings you.
* * * LOW HITPOINT WARNING * * *
The killer bee closely misses you. The killer bee barely misses you.
The killer bee closely misses you. x2
The killer bee stings you.
You die...

, *
###.......###........>#
,*
#..........(....#####.# ,
#...∩.....##....# #.# *
#.........####.## #.#
##........# ### #.# ,,,**
#..###..## ##.# . ,
#.......# ###..# .. *
#..###.######* #.[...
...####### #..yy@.......#
#.....
........)###...##.#.....#
#.....
........))†....##....<..#
#.....
.y.......####..####.....#
#..... ...####### #..#
.....# ####.# .. *
###..,, .#### #.# .,, *
** * ***### *# #.# ,, , *
{∆* #.# ,, ,, ,
,,∆*############# #.#


You could see 2 killer bees.

Vanquished Creatures
  The ghost of cuckmaster the Grappler, a novice TrEE of Okawaru (D:6)
  Pikel (D:5)
  Duvessa (D:5)
  2 phantoms
  2 sky beasts (D:5)
  An ice beast (D:5)
  2 ogres
  A big kobold (Sewer)
  An elf zombie (D:5)
  Blork the orc (D:6)
  A bullfrog (D:6)
  2 elf skeletons (D:5)
  A scorpion (D:5)
  Dowan (D:5)
  4 killer bees (D:7)
  5 wights (D:7)
  A howler monkey (D:4)
  A centaur zombie (D:5)
  A bullfrog skeleton (D:5)
  3 hounds (D:4)
  A human zombie (D:5)
  2 jellies
  2 orc priests
  7 orc wizards
  Jessica (D:2)
  Natasha (twice) (D:2)
  3 iguanas
  2 worker ants (D:4)
  A worker ant zombie (D:6)
  A gnoll (D:5)
  6 adders
  A river rat (Sewer)
  A shadow imp (D:6)
  2 adder zombies (D:6)
  An adder skeleton (D:7)
  2 worms (D:2)
  3 dart slugs (D:1)
  5 leopard geckos
  14 orcs
  7 giant cockroaches
  9 goblins
  10 hobgoblins
  11 jackals
  4 quokkas
  2 bats (D:2)
  9 frilled lizards
  A jackal skeleton (D:4)
  6 kobolds
  2 orc skeletons (D:5)
  A quokka skeleton (D:4)
  6 rats
158 creatures vanquished.

Vanquished Creatures (others)
  A slave (D:5)
  A bullfrog skeleton (D:5)
2 creatures vanquished.

Grand Total: 160 creatures vanquished

Notes
Turn   | Place    | Note
-------+----------+-------------------------------------------
     0 | D:1      | HessuHobo the Ghoul Monk began the quest for the Orb.
     0 | D:1      | Reached XP level 1. HP: 19/19 MP: 0/0
   239 | D:1      | Reached XP level 2. HP: 26/26 MP: 1/1
   303 | D:1      | Reached skill level 4 in Unarmed Combat
   821 | D:2      | Reached XP level 3. HP: 27/31 MP: 2/2
   861 | D:2      | Found a faded altar of an unknown god.
   875 | D:2      | Became a worshipper of Ashenzari the Shackled
   875 | D:2      | Reached * piety under Ashenzari
   875 | D:2      | Reached ** piety under Ashenzari
   888 | D:2      | Noticed Jessica
   902 | D:2      | Killed Jessica
   902 | D:2      | Reached skill level 5 in Unarmed Combat
  1063 | D:2      | Reached XP level 4. HP: 30/38 MP: 3/3
  1187 | D:2      | Noticed Natasha
  1199 | D:2      | Killed Natasha
  1233 | D:2      | Noticed Natasha
  1243 | D:2      | Killed Natasha
  1243 | D:2      | Reached skill level 6 in Unarmed Combat
  1243 | D:2      | Reached XP level 5. HP: 26/45 MP: 4/4
  2231 | D:3      | Found a glowing drain.
  2253 | Sewer    | Entered a sewer
  2373 | Sewer    | Noticed a big kobold
  2407 | Sewer    | Killed a big kobold
  2407 | Sewer    | Reached skill level 7 in Unarmed Combat
  2407 | Sewer    | Reached XP level 6. HP: 47/51 MP: 5/5
  2484 | Sewer    | Found a glowing silver altar of Zin.
  2657 | D:3      | Reached *** piety under Ashenzari
  3309 | D:4      | Reached skill level 8 in Unarmed Combat
  3327 | D:4      | Reached XP level 7. HP: 20/57 MP: 6/6
  3509 | D:4      | Reached skill level 9 in Unarmed Combat
  4358 | D:5      | Entered Level 5 of the Dungeon
  4373 | D:5      | Reached skill level 10 in Unarmed Combat
  4373 | D:5      | Reached XP level 8. HP: 36/61 MP: 7/7
  4756 | D:5      | Reached skill level 11 in Unarmed Combat
  4852 | D:5      | Found a sand-covered staircase.
  4943 | D:5      | Noticed Pikel
  4955 | D:5      | Killed Pikel
  4955 | D:5      | Reached skill level 12 in Unarmed Combat
  4983 | D:5      | Noticed Dowan
  5000 | D:5      | Killed Dowan
  5000 | D:5      | Reached XP level 9. HP: 63/70 MP: 8/8
  5002 | D:5      | Noticed Duvessa
  5016 | D:5      | Killed Duvessa
  5140 | D:5      | Found Miafol's Armour Emporium.
  5331 | D:5      | Reached skill level 13 in Unarmed Combat
  5707 | D:6      | Noticed Blork the orc
  5720 | D:6      | Killed Blork the orc
  5870 | D:6      | Noticed cuckmaster's ghost (novice TrEE)
  5902 | D:6      | Killed cuckmaster's ghost
  5974 | D:6      | Reached skill level 14 in Unarmed Combat
  6449 | D:7      | Found Hoczaf's Magic Scroll Shoppe.
  6458 | D:7      | Bought a scroll of blinking for 97 gold pieces
  6458 | D:7      | Bought a scroll of immolation for 45 gold pieces
  6520 | D:7      | Reached XP level 10. HP: 39/77 MP: 9/9
  6546 | D:7      | Slain by a killer bee

Skill      XL: |  1  2  3  4  5  6  7  8  9 |
---------------+----------------------------+-----
Unarmed Combat | 4 5 6 7 8 10 12 14 | 14.7
Fighting       | |  3.2
Dodging        | |  2.6
Stealth        | |  2.1

Action                   |  1- 3 |  4- 6 |  7- 9 | 10-12 || total
-------------------------+-------+-------+-------+-------++-------
Melee: Unarmed           |    71 |   229 |   351 |    18 ||   669
       Punch             |     1 |     7 |    20 |       ||    28
Invok: Curse Item        |     1 |       |     4 |       ||     5
  Use: Scroll            |     2 |     1 |     5 |       ||     8
       Potion            |     1 |       |    10 |       ||    11
 Stab: Sleeping          |     1 |     4 |     9 |       ||    14
       Distracted        |       |     1 |       |       ||     1
       Invisible         |       |       |     2 |       ||     2
  Eat: Chunk             |     3 |     8 |    18 |     1 ||    30
       Meat ration       |       |       |     1 |       ||     1
Armor: Robe              |    17 |    57 |    51 |     2 ||   127
Dodge: Dodged            |    31 |   133 |   165 |    20 ||   349
